 Dungeon Sprint DCSS version 0.31-a0-142-g31f6795574 (webtiles) character file.

Game seed: 12285711895015653968

3628 Conn the Arsonist (level 10, -3/66 HPs)
             Began as an Octopode Fire Elementalist on June 3, 2023.
             Was an Elder of Sif Muna.
             Engulfed by a death drake's foul pestilence (9 damage)
             ... in the Dungeon (Sprint II: "The Violet Keep of Menkaure").
             The game lasted 00:17:45 (1246 turns).

Conn the Arsonist (Octopode Fire Elementalist)      Turns: 1246, Time: 00:17:45

Health: -3/66      AC:  3    Str: 14      XL:     10   Next: 11%
Magic:  12/24      EV: 17    Int: 19 (20) God:    Sif Muna [****..]
Gold:   109        SH:  0    Dex: 16      Spells: 19/29 levels left

rFire   . . .        r - +1 short sword (venom)
rCold   . . .        (no shield)
rNeg    . . .        (helmet restricted)
rPois   +            (no amulet)
rElec   .            n - ring of poison resistance
rCorr   .            k - +6 ring of strength
SInv    .            (no ring)
Will    .....        (no ring)
Stlth   +++++        (no ring)
HPRegen 0.31/turn    (no ring)
MPRegen 0.19/turn    (no ring)
                     (no ring)

%: no teleportation
@: lethally poisoned (-3 -> -30), slowed, unable to drink, very slow
A: almost no armour, amphibious, 8 rings, camouflage 1, gelatinous body 1,
(nimble swimmer 1), tentacles, iridescent scales 1, agile 1, deterioration 1,
robust 1, inability to drink after injury 1
a: Renounce Religion, Channel Magic, Forget Spell, Divine Exegesis


You were in the Dungeon.
You worshipped Sif Muna.
Sif Muna was greatly pleased with you.
You visited 1 branch You collected 1132 gold pieces.
You spent 1023 gold pieces at shops.

Inventory:

Hand Weapons
 r - a +1 short sword of venom (weapon)
 v - the +1 great mace "Arbiter" {freeze, Dex+3}
   (You bought it in a shop in the Dungeon)

   Dex:       It affects your dexterity (+3).
Missiles
 i - a throwing net (quivered)
Jewellery
 k - a +6 ring of strength (right tentacle)
 n - a ring of poison resistance (left tentacle)
 u - the amulet of the Air {Inacc Air Fly rElec RMsl}
   (You bought it in a shop in the Dungeon)

   [amulet of nothing]

   Inacc:     It reduces the accuracy of your attacks and spells.
   Air:       It enhances your air magic.
   rElec:     It insulates you from electricity.
   Fly:       It grants you flight.
   RMsl:      It protects you from missiles.
Scrolls
 f - 5 scrolls of identify {unknown}
 h - 2 scrolls of poison {unknown}
 l - a scroll of immolation {unknown}
 m - 2 scrolls of enchant armour {unknown}
 o - a scroll of enchant weapon {unknown}
 s - a scroll of amnesia {unknown}
 t - a scroll of magic mapping {unknown}
Potions
 a - 5 potions of magic
 b - 3 potions of curing
 c - a potion of lignification
 d - a potion of might {unknown}
 g - a potion of heal wounds
 j - a potion of brilliance {unknown}
 p - 2 potions of enlightenment
 q - 2 potions of resistance


   Skills:
 + Level 1.7 Fighting
 + Level 7.3 Dodging
 - Level 8.2 Stealth
 + Level 10.2 Spellcasting
 * Level 10.3 Conjurations
 + Level 3.3 Hexes
 + Level 14.5 Fire Magic
 * Level 4.4 Invocations


You had 19 spell levels left.
You knew the following spells:

 Your Spells              Type           Power      Damage    Failure   Level
a - Foxfire               Conj/Fire      100%       2x1d9     1%          1
b - Scorch                Fire           100%       2d9       1%          2
c - Inner Flame           Hex/Fire       43%        N/A       1%          3
d - Flame Wave            Conj/Fire      54%        2d13      1%          4

Your spell library contained the following spells:

 Spells                   Type           Power      Damage    Failure   Level
 Volatile Blastmotes      Fire/Tloc      74%        2d16      1%          3
 Sublimation of Blood     Necr           9%         N/A       11%         2
 Wereblood                Tmut           9%         N/A       11%         2
 Summon Hydra             Summ           4%         N/A       100%        7


Dungeon Overview and Level Annotations

Branches:
Dungeon (1/1)

Altars:
Cheibriados
Dithmenos
Elyvilon
Fedhas
Gozag
Hepliaklqana
Kikubaaqudgha
Makhleb
Nemelex Xobeh
Okawaru
Qazlal
Ru
Sif Muna
Trog
Uskayaw
Vehumet
Wu Jian
Xom
Yredelemnul
Zin
The Shining One
Jiyva
Lugonu

Shops:
D :=[=!!?([[?!:!:

Annotations:
D exclusion: oklob plant


Innate Abilities, Weirdness & Mutations

You cannot wear most types of armour.
You are amphibious.
You can wear up to eight rings at the same time.
Your skin changes colour to match your surroundings (Stealth+).
Your rubbery body absorbs attacks. (AC +1, EV +1)
((You are camouflaged when in or above water. (Stealth+)))
You have tentacles for arms and can constrict up to eight enemies at once.
You are partially covered in iridescent scales. (AC +2)
You are agile. (Dex +4, Str/Int -1)
Your body sometimes deteriorates upon taking damage.
You are robust. (+10% HP)
You occasionally lose the ability to drink potions when taking damage.


Message History

Flame seeps out of the death drake.
The death drake is heavily wounded.
The foxfire hits the death drake but does no damage.
The death drake is heavily wounded.
The foxfire hits the death drake but does no damage.
The death drake is heavily wounded.
The death drake is engulfed in a cloud of scalding steam.
Flame seeps out of the death drake.
The foxfire hits the death drake but does no damage.
The death drake is heavily wounded.
The foxfire hits the death drake.
Flame seeps out of the death drake.
The death drake is severely wounded.
The death drake is engulfed in a cloud of scalding steam.
Flame seeps out of the death drake.
The death drake breathes miasma at you. The foul vapour misses you.
The death drake is engulfed in a cloud of scalding steam.
Flame seeps out of the death drake.
Unknown command.
Casting: Foxfire (safe; 1% risk of failure)
Confirm with . or Enter, or press ? or * to list all spells.
Flames lash the death drake but do no damage.
The death drake breathes miasma at you. The foul vapour misses you.
Unknown command.
Okay, then.
As you read the scroll of fear, it crumbles to dust.
You assume a fearsome visage.
The death drake looks frightened!
You are engulfed in dark miasma.
You are lethally poisoned!
You feel as though you will be slow longer.
* * * LOW HITPOINT WARNING * * *
x2 Your body deteriorates!
You feel dopey.
You feel extremely sick.
The death drake's inner flame fades away.
You feel better.
You are engulfed in dark miasma.
You are lethally poisoned!
You feel as though you will be slow longer.
You feel threatened and lose the ability to drink potions!
You die...

~~~~.##+##.. #. .#|)▓...[..
~~~~##...##.#### +.##.#))▓[.....
~~~~#..#..#....# ...####▓)..)..
~~####.).####..## #..##.#▓.(....
~##.###'###.##..# +..#..#▓[[.(..
~##..##.##.#.#..# #○.#..#▓......
~+##.'.<.'###'..####°.##.#▓.)..(.
~#.#.##.##.#.#....###...##▓▓▓▓▓▓▓
~##.###'###.##..@..k~~~~~~~§~~†§~
~~####.#.####~~....§~#'########'#
#~~~#..#..#~~~~~~~.§~#.....v._#~~
#†#~##...##~§§~~~~§§§#...._._.#§~
#[#~~##'##~§§≈§≈~~~§§#..._._._#~§
####~~~~~~~~§~§≈§≈~~~#.._._._.#§~
#+++#+++#~§§§≈§§§~#._._._._#~~
≈≈≈≈≈ ##≈≈≈###§§#_)_._._.#~~
≈§S≈≈≈§§§##≈§# #≈≈#._._._..#§§


You could see a death drake (fleeing).

Vanquished Creatures
  A death drake (D)
  A merfolk siren (D)
  A yaktaur (D)
  3 polar bears (D)
  A hornet (D)
  2 wyverns (D)
  4 neqoxecs (D)
  4 water moccasins (D)
  2 swamp drakes (D)
  4 necrophages (D)
  A scorpion (D)
24 creatures vanquished.

Vanquished Creatures (others)
  Menkaure (D)
  A water moccasin (D)
  46 foxfires (D)
  8 tentacles (D)
56 creatures vanquished.

Grand Total: 80 creatures vanquished

Notes
Turn   | Place    | Note
-------+----------+-------------------------------------------
     0 | D        | Conn the Octopode Fire Elementalist began the quest for the
                  | Orb.
     0 | D        | Reached XP level 1. HP: 11/11 MP: 3/3
     1 | D        | Noticed a wyvern
     1 | D        | Noticed a wyvern
     4 | D        | Noticed a merfolk siren
     7 | D        | Noticed a neqoxec
     7 | D        | Noticed a neqoxec
     7 | D        | Noticed a neqoxec
     7 | D        | Noticed a neqoxec
     7 | D        | Gained mutation: You are dopey. (Int -2) [a neqoxec]
    13 | D        | Killed a neqoxec
    14 | D        | Reached skill level 7 in Fire Magic
    14 | D        | Reached XP level 2. HP: 17/17 MP: 4/7
    14 | D        | Reached XP level 3. HP: 21/21 MP: 4/8
    14 | D        | Reached XP level 4. HP: 27/27 MP: 5/10
    14 | D        | Reached XP level 5. HP: 31/31 MP: 5/11
    19 | D        | Killed a neqoxec
    20 | D        | Reached skill level 5 in Stealth
    20 | D        | Reached skill level 5 in Spellcasting
    20 | D        | Reached skill level 5 in Conjurations
    20 | D        | Reached skill level 8 in Fire Magic
    20 | D        | Reached XP level 6. HP: 29/36 MP: 5/13
    20 | D        | Gained mutation: You are weak. (Str -2) [a neqoxec]
    23 | D        | Gained mutation: Your flesh is heat resistant. (rF+) [a
                  | neqoxec]
    25 | D        | Killed a neqoxec
    26 | D        | Reached skill level 5 in Dodging
    26 | D        | Reached skill level 10 in Fire Magic
    27 | D        | Gained mutation: You occasionally shout uncontrollably at
                  | your foes. [a neqoxec]
    30 | D        | Gained mutation: You occasionally lose the ability to read
                  | scrolls when taking damage. [a neqoxec]
    31 | D        | Gained mutation: Your body sometimes deteriorates upon
                  | taking damage. [a neqoxec]
    32 | D        | Gained mutation: You are partially covered in iridescent
                  | scales. (AC +2) [a neqoxec]
    33 | D        | Gained mutation: Your magical capacity is low. (-10% MP) [a
                  | neqoxec]
    36 | D        | Gained mutation: You are robust. (+10% HP) [a neqoxec]
    41 | D        | Gained mutation: You have hidden genetic defects. [a
                  | neqoxec]
    42 | D        | Killed a neqoxec
    43 | D        | Reached XP level 7. HP: 20/45 MP: 8/14
    49 | D        | Gained mutation: You occasionally lose the ability to drink
                  | potions when taking damage. [hidden defects]
    81 | D        | Killed Menkaure
   140 | D        | Learned a level 2 spell: Scorch
   145 | D        | Learned a level 4 spell: Flame Wave
   149 | D        | Learned a level 3 spell: Inner Flame
   154 | D        | Killed a merfolk siren
   155 | D        | Reached skill level 11 in Fire Magic
   155 | D        | Reached XP level 8. HP: 47/51 MP: 7/16
   178 | D        | Gained mutation: You are very weak. (Str -4) [hidden
                  | defects]
   178 | D        | Lost mutation: You have hidden genetic defects. [hidden
                  | defects expressed]
   187 | D        | Killed a wyvern
   307 | D        | Killed a wyvern
   308 | D        | Reached skill level 12 in Fire Magic
   310 | D        | Found a snail-covered altar of Cheibriados.
   311 | D        | Found a shadowy altar of Dithmenos.
   311 | D        | Found a viscous altar of Jiyva.
   312 | D        | Found a white marble altar of Elyvilon.
   312 | D        | Found an ancient bone altar of Kikubaaqudgha.
   312 | D        | Found a hazy altar of Hepliaklqana.
   312 | D        | Found a sacrificial altar of Ru.
   313 | D        | Found a blossoming altar of Fedhas.
   313 | D        | Found a corrupted altar of Lugonu.
   313 | D        | Found a shimmering blue altar of Sif Muna.
   314 | D        | Found an opulent altar of Gozag.
   314 | D        | Found a burning altar of Makhleb.
   314 | D        | Found a bloodstained altar of Trog.
   315 | D        | Found a sparkling altar of Nemelex Xobeh.
   315 | D        | Found a hide-covered altar of Uskayaw.
   316 | D        | Found a basalt altar of Yredelemnul.
   316 | D        | Noticed a polar bear
   317 | D        | Found an iron altar of Okawaru.
   317 | D        | Found a radiant altar of Vehumet.
   317 | D        | Found a glowing silver altar of Zin.
   317 | D        | Found a shimmering altar of Xom.
   317 | D        | Noticed a hornet
   317 | D        | Noticed a polar bear
   318 | D        | Found a stormy altar of Qazlal.
   318 | D        | Found an ornate altar of the Wu Jian Council.
   318 | D        | Found a glowing golden altar of the Shining One.
   318 | D        | Noticed a yaktaur
   318 | D        | Noticed a polar bear
   325 | D        | Became a worshipper of Sif Muna the Loreminder
   328 | D        | Noticed a flying skull
   328 | D        | Noticed a flying skull
   328 | D        | Noticed a flying skull
   328 | D        | Noticed a flying skull
   328 | D        | Noticed a flying skull
   330 | D        | Noticed a flying skull
   331 | D        | Noticed a flying skull
   331 | D        | Noticed a flying skull
   332 | D        | Noticed a flying skull
   332 | D        | Noticed a flying skull
   332 | D        | Noticed a flying skull
   335 | D        | Killed a polar bear
   335 | D        | Noticed a flying skull
   335 | D        | Killed a yaktaur
   336 | D        | Reached skill level 1 in Fighting
   336 | D        | Reached skill level 1 in Hexes
   336 | D        | Reached skill level 13 in Fire Magic
   336 | D        | Noticed a flying skull
   336 | D        | Noticed a flying skull
   398 | D        | Killed a hornet
   398 | D        | Reached * piety under Sif Muna
   399 | D        | Reached XP level 9. HP: 26/58 MP: 11/19
   419 | D        | Killed a polar bear
   523 | D        | Killed a polar bear
   602 | D        | Found the +8 longbow "Zephyr" {speed, Dex+3 SInv}
   606 | D        | Noticed a kraken
   923 | D        | Reached ** piety under Sif Muna
   924 | D        | Reached skill level 1 in Invocations
  1041 | D        | Reached *** piety under Sif Muna
  1042 | D        | Reached skill level 14 in Fire Magic
  1114 | D        | Found Xykkaeja's Book Emporium.
  1115 | D        | Found Kaer's Book Shoppe.
  1116 | D        | Found Toemecs's Antique Armour Shoppe.
  1116 | D        | Found Zitaig's Antique Armour Emporium.
  1116 | D        | Found Erucwu's Antique Weapon Shoppe.
  1118 | D        | Found Zuygehea's Distillery.
  1118 | D        | Found Wyif's Distillery.
  1118 | D        | Found Qeamep's Distillery.
  1118 | D        | Found Iczassog's Jewellery Emporium.
  1121 | D        | Found Tixic's Antique Armour Shoppe.
  1121 | D        | Found Iziaq's Jewellery Emporium.
  1121 | D        | Found Azxogug's Distillery.
  1121 | D        | Found Pamoe's Magic Scroll Emporium.
  1122 | D        | Found Omown's Magic Scroll Emporium.
  1129 | D        | Reached **** piety under Sif Muna
  1137 | D        | Noticed an oklob plant
  1138 | D        | Found Jegucs's Book Shoppe.
  1147 | D        | Bought the amulet of the Air {Inacc Air Fly rElec RMsl} for
                  | 451 gold pieces
  1147 | D        | Found the amulet of the Air {Inacc Air Fly rElec RMsl}
  1153 | D        | Bought a transparent great mace for 276 gold pieces
  1153 | D        | Identified the +1 great mace "Arbiter" {freeze, Dex+3} (You
                  | bought it in a shop in the Dungeon)
  1165 | D        | Bought 2 potions of mutation for 192 gold pieces
  1165 | D        | Lost mutation: Your flesh is heat resistant. (rF+) [potion
                  | of mutation]
  1165 | D        | Lost mutation: You are very weak. (Str -4) [potion of
                  | mutation]
  1165 | D        | Gained mutation: Your body often deteriorates upon taking
                  | damage. [potion of mutation]
  1165 | D        | Gained mutation: Your flesh is cold resistant. (rC+)
                  | [potion of mutation]
  1165 | D        | Lost mutation: You occasionally shout uncontrollably at
                  | your foes. [potion of mutation]
  1166 | D        | Lost mutation: You are partially covered in iridescent
                  | scales. (AC +2) [potion of mutation]
  1166 | D        | Lost mutation: Your flesh is cold resistant. (rC+) [potion
                  | of mutation]
  1166 | D        | Lost mutation: You occasionally lose the ability to read
                  | scrolls when taking damage. [potion of mutation]
  1166 | D        | Lost mutation: You are weak. (Str -2) [potion of mutation]
  1171 | D        | Bought a potion of mutation for 104 gold pieces
  1171 | D        | Lost mutation: Your body often deteriorates upon taking
                  | damage. [potion of mutation]
  1171 | D        | Lost mutation: You are dopey. (Int -2) [potion of mutation]
  1171 | D        | Gained mutation: You are agile. (Dex +4, Str/Int -1)
                  | [potion of mutation]
  1171 | D        | Lost mutation: Your magical capacity is low. (-10% MP)
                  | [potion of mutation]
  1171 | D        | Gained mutation: You are partially covered in iridescent
                  | scales. (AC +2) [potion of mutation]
  1213 | D        | Noticed a death drake
  1214 | D        | Noticed a death drake
  1222 | D        | Killed a death drake
  1223 | D        | Reached skill level 10 in Spellcasting
  1223 | D        | Reached skill level 10 in Conjurations
  1223 | D        | Reached XP level 10. HP: 32/66 MP: 4/24
  1245 | D        | HP: 1/66 [poisoned by a death drake (dark miasma)]
  1246 | D        | Engulfed by a death drake's foul pestilence

Illustrated notes

Levels and vault maps discovered:
D:        the_violet_keep_of_menkaure [sprint2_stairs_cluster_1,
          sprint2_shoproom, sprint2_temple, sprint2_basic_supplies,
          sprint2_obstacle_5, sprint2_obstacle_1, sprint2_obstacle_7,
          sprint2_obstacle_6, sprint2_obstacle_2, sprint2_timed_cluster_1,
          sprint2_smallroom_cluster_1, sprint2_smallroom_final_cluster_1,
          sprint2_transparent_cluster_1, sprint2_second_timed_cluster_1,
          sprint2_sniper_area_1, sprint2_heavy_combat_area_1,
          sprint2_mutation_trap_area_1, sprint2_forest_area_1,
          sprint2_light_combat_area_1, sprint2_behind_water_1,
          sprint2_near_end_vault_1]

Skill      XL: |  1  2  3  4  5  6  7  8  9 |
---------------+----------------------------+-----
Dodging        | 3 4 5 6 7 |  7.3
Stealth        | 4 5 6 7 8 |  8.2
Spellcasting   | 4 5 6 8 10 | 10.2
Conjurations   | 4 5 6 7 8 10 | 10.3
Fire Magic     | 7 8 10 11 13 14 | 14.5
Fighting       | 1 |  1.7
Hexes          | 1 3 |  3.3
Invocations    | 4 |  4.4

Action                     |  1- 3 |  4- 6 |  7- 9 | 10-12 || total
---------------------------+-------+-------+-------+-------++-------
  Melee: Unarmed           |     4 |    26 |       |       ||    30
         Tentacles         |     2 |    10 |       |       ||    12
         Constrict         |     1 |     3 |       |       ||     4
         Punch             |       |     1 |       |       ||     1
   Cast: Scorch            |       |       |    11 |     2 ||    13
         Inner Flame       |       |       |     9 |     1 ||    10
         Foxfire           |       |       |    18 |     9 ||    27
         Flame Wave        |       |       |    15 |     1 ||    16
 Invoke: Channel Magic     |       |       |       |     1 ||     1
    Use: Potion            |     2 |     1 |     7 |     2 ||    12
         Scroll            |       |       |     1 |     3 ||     4
 Armour: Skin              |       |       |     4 |     1 ||     5
  Dodge: Dodged            |     1 |     4 |    15 |     5 ||    25

Table legend: (Time is in decaauts)
 A = Elapsed time spent in this place.
 B = Non-inter-level travel time spent in this place.
 C = Inter-level travel time spent in this place.
 D = Time resting spent in this place.
 E = Time spent auto-exploring this place.
 F = Levels seen in this place.
 G = Mean time per level.
                   A        B        C        D        E       F      G
               +--------+--------+--------+--------+--------+-----+--------+
         Total |   1256 |   1256 |      0 |    671 |      0 |   1 | 1256.0 |
       Dungeon |   1256 |   1256 |      0 |    671 |      0 |   1 | 1256.0 |
               +--------+--------+--------+--------+--------+-----+--------+

Top non-repeatable levels by time:
       D: 1256 daAuts
